 Dungeon Crawl Stone Soup version 0.22-a0-521-gb1378044ac (webtiles) character file.

14648 Oravi the Destroyer (level 11, 0/95 HPs)
             Began as a Red Draconian Conjurer on June 20, 2018.
             Was an Elder of Vehumet.
             Slain by an eight-headed hydra (16 damage)
             ... on level 1 of the Lair of Beasts.
             The game lasted 01:29:06 (21829 turns).

Oravi the Destroyer (Red Draconian Conjurer)       Turns: 21829, Time: 01:29:07

Health: 0/95       AC:  9    Str: 11    XL:     11   Next: 91%
Magic:  6/26       EV: 12    Int: 19    God:    Vehumet [****..]
Gold:   666        SH:  6    Dex: 17    Spells: 8/32 levels left

rFire    + + .     SeeInvis .   l - staff of wizardry
rCold    x . .     Gourm    .   s - +1 buckler
rNeg     . . .     Faith    .   (armour unavailable)
rPois    .         Spirit   .   m - +2 hat
rElec    .         Reflect  .   (no cloak)
rCorr    .         Harm     .   (no gloves)
MR       .....                  (no boots)
Stlth    ++........             F - amulet of regeneration
HPRegen  0.65/turn              g - ring of fire
MPRegen  0.20/turn              B - +6 ring of dexterity

@: no status effects
A: breathe fire, unfitting armour, fire resistance 1, cold-blooded, AC +7
a: Breathe Fire, Renounce Religion


You were on level 1 of the Lair of Beasts.
You worshipped Vehumet.
Vehumet was greatly pleased with you.
You were hungry.

You visited 3 branches of the dungeon, and saw 15 of its levels.

You collected 886 gold pieces.
You spent 220 gold pieces at shops.

Inventory:

Missiles
 a - 372 stones (quivered)
Armour
 m - a +2 hat (worn)
 s - a +1 buckler (worn)
Magical Staves
 l - an uncursed staff of wizardry (weapon)
Jewellery
 c - an uncursed ring of protection from fire
 g - a ring of fire (left hand)
 j - an uncursed ring of ice
 q - an uncursed ring of protection from cold
 v - an uncursed ring of positive energy
 w - an uncursed ring of protection from magic
 B - a +6 ring of dexterity (right hand)
 F - an amulet of regeneration (around neck)
 K - an uncursed ring of fire
 L - an uncursed ring of poison resistance
 Q - an uncursed amulet of the acrobat
 S - an uncursed ring of see invisible
Wands
 y - a wand of digging (11)
 A - a wand of disintegration (14)
 G - a wand of flame (12)
 M - a wand of enslavement (16)
 P - a wand of iceblast (10)
 R - a wand of paralysis (13)
 U - a wand of acid (11)
 V - a wand of random effects (44)
Scrolls
 h - a scroll of holy word
 k - 9 scrolls of remove curse
 p - 4 scrolls of teleportation
 r - a scroll of amnesia
 C - a scroll of summoning
 E - 2 scrolls of enchant armour
 H - 2 scrolls of enchant weapon
 O - a scroll of fear
Potions
 e - 8 potions of curing
 f - 2 potions of might
 i - a potion of invisibility
 n - 2 potions of agility
 o - a potion of berserk rage
 t - 3 potions of mutation
 u - a potion of heal wounds
 z - 2 potions of degeneration {unknown}
 D - 2 potions of lignification {unknown}
 I - a potion of flight {unknown}
 J - a potion of resistance {unknown}
 N - a potion of magic {unknown}
 T - a potion of brilliance {unknown}
Comestibles
 b - 24 rations


   Skills:
 + Level 8.3 Fighting
 - Level 1.7 Dodging
 - Level 1.7 Stealth
 - Level 4.0 Shields
 + Level 11.3 Spellcasting
 + Level 12.6 Conjurations


You had 8 spell levels left.
You knew the following spells:

 Your Spells              Type           Power        Failure   Level  Hunger
a - Magic Dart            Conj           ####         1%          1    None
b - Searing Ray           Conj           ######       1%          2    None
c - Iskenderun's Mystic   Conj           ######..     1%          4    ##.....
d - Blink                 Tloc           N/A          4%          2    None
e - Conjure Flame         Conj/Fire      ######..     1%          3    None
f - Mephitic Cloud        Conj/Pois/Air  ####....     1%          3    None
g - Sticky Flame          Conj/Fire      ######..     1%          4    ##.....
h - Bolt of Magma         Conj/Fire/Erth #####.....   4%          5    ####...

Your spell library contained the following spells:

 Spells                   Type           Power        Failure   Level  Hunger
 Slow                     Hex            ##......     4%          2    None
 Confuse                  Hex            ##......     8%          3    None
 Venom Bolt               Conj/Pois      ####......   1%          5    ####...
 Olgreb's Toxic Radiance  Pois           ##......     8%          4    ##.....
 Call Imp                 Summ           ##......     4%          2    None
 Sting                    Conj/Pois      ####         1%          1    None
 Tukima's Dance           Hex            ##......     8%          3    None
 Iron Shot                Conj/Erth      ####......   9%          6    ######.
 Spider Form              Tmut/Pois      ##........   8%          3    None
 Blade Hands              Tmut           ##........   54%         5    ####...
 Ice Form                 Ice/Tmut       ##......     26%         4    ##.....
 Sticks to Snakes         Tmut           ##......     4%          2    None
 Ensorcelled Hibernation  Hex/Ice        ##....       4%          2    None
 Corona                   Hex            ##.....      2%          1    None
 Orb of Destruction       Conj           ######....   3%          7    #######
 Beastly Appendage        Tmut           ##....       2%          1    None
 Iskenderun's Battlesphe  Conj/Chrm      ####....     1%          5    ####...
 Fulminant Prism          Conj/Hex       ####......   1%          4    ##.....
 Dazzling Spray           Conj/Hex       ####..       1%          3    None
 Force Lance              Conj/Tloc      ####....     1%          4    ##.....
 Spellforged Servitor     Conj/Summ      ####......   36%         7    #######
 Poisonous Vapours        Pois/Air       ##....       4%          2    None


Dungeon Overview and Level Annotations

Branches:
Dungeon (12/15)            Temple (1/1) D:5            Lair (2/6) D:8
    Orc (0/2) D:10
  Swamp: Lair:2-4    Shoals: Lair:2-4     Snake: Lair:2-4    Spider: Lair:2-4

Altars:
Ashenzari
Cheibriados
Dithmenos
Elyvilon
Fedhas
Gozag
Hepliaklqana
Kikubaaqudgha
Makhleb
Nemelex Xobeh
Okawaru
Qazlal
Ru
Sif Muna
Trog
Uskayaw
Vehumet
Wu Jian
Xom
Yredelemnul
Zin
The Shining One

Shops:
D:6 :%   D:9 (

Annotations:
D:10 Sonja
D:12 exclusion: obsidian statue
Lair:1 exclusion: oklob plant
Lair:2 Gastronok


Innate Abilities, Weirdness & Mutations

You can breathe blasts of fire.
Your fiery red scales are hard. (AC +7)
You cannot fit into any form of body armour.
Your flesh is heat resistant. (rF+)
You are cold-blooded and may be slowed by cold attacks.


Message History

* * * LOW HITPOINT WARNING * * *
The eight-headed hydra bites you!
* * * LOW HITPOINT WARNING * * *
The eight-headed hydra closely misses you.
Okay, then.
You feel much better. The eight-headed hydra bites you!
* * * LOW HITPOINT WARNING * * *
The eight-headed hydra bites you!
* * * LOW HITPOINT WARNING * * *
The eight-headed hydra barely misses you.
The eight-headed hydra misses you.
The eight-headed hydra barely misses you.
The eight-headed hydra bites you!
* * * LOW HITPOINT WARNING * * *
You block the eight-headed hydra's attack.
The eight-headed hydra barely misses you.
You are feeling hungry.
You block the eight-headed hydra's attack.
The eight-headed hydra bites you!
You die...

......#.....# ##.......#
............## ### #..<.....##
.###.........###.# #.........#
.# #............#####.........##
####...........................#
##...........................##
##.....##P.....................#
#.....####.....D.....)..###....#
.....####.......@......## ##..##
....P###....####.....### ##...#
....###....## #.....# #...##
...###....## #...### ##..#
....#####.# ##...# #...#
..###...#.# ##...## ##..#
.##.......# ##...## #..#
........#.###...## #..#
....8.....##...## #..#


You could see an eight-headed hydra.

Vanquished Creatures
  2 two-headed ogres
  A manticore (D:11)
  4 spiny frogs
  A centaur skeleton (D:10)
  A kobold demonologist (D:11)
  A komodo dragon (Lair:2)
  A hornet (D:11)
  3 blink frogs (Lair:2)
  A slime creature (D:11)
  8 hippogriffs
  A spriggan (D:7)
  A wraith (D:10)
  3 wyverns
  A basilisk (Lair:2)
  10 yaks
  3 wargs (D:8)
  A water moccasin (Lair:2)
  3 porcupines (Lair:2)
  2 orc warriors
  3 ice beasts
  5 ogres
  2 black bears (D:10)
  3 sky beasts
  4 centaurs
  6 wolves
  4 crocodiles
  2 big kobolds
  3 bullfrogs
  A gnoll sergeant (D:4)
  A scorpion (D:10)
  14 killer bees
  3 wights
  An electric eel (D:10)
  2 howler monkeys
  2 crimson imps
  6 jellies
  4 hounds
  A bullfrog skeleton (D:5)
  2 gnoll shamans (D:4)
  4 orc priests
  9 orc wizards
  Jessica (D:3)
  4 iguanas
  9 worker ants
  A hound zombie (D:7)
  A hound skeleton (D:11)
  A howler monkey zombie (D:11)
  A worker ant zombie (D:5)
  5 adders
  47 gnolls
  5 shadow imps
  An ooze (D:3)
  2 adder skeletons (D:7)
  2 worms
  A dart slug (D:1)
  7 leopard geckos
  34 orcs
  5 bats
  7 giant cockroaches
  7 goblins
  5 hobgoblins
  24 jackals
  18 kobolds
  4 quokkas
  5 frilled lizards
  6 rats
333 creatures vanquished.

Vanquished Creatures (others)
  A shadow imp (D:12)
  2 fungi
  4 plants
7 creatures vanquished.

Grand Total: 340 creatures vanquished

Notes
Turn   | Place    | Note
-------+----------+-------------------------------------------
     0 | D:1      | Oravi the Draconian Conjurer began the quest for the Orb.
     0 | D:1      | Reached XP level 1. HP: 14/14 MP: 3/3
   440 | D:1      | Reached XP level 2. HP: 10/20 MP: 0/5
  1070 | D:2      | Learned a level 2 spell: Searing Ray
  1296 | D:2      | Found a sparkling altar of Nemelex Xobeh.
  1367 | D:2      | Reached XP level 3. HP: 26/26 MP: 2/7
  2164 | D:3      | Found a transporter.
  2207 | D:3      | Noticed Jessica
  2308 | D:3      | Found a transporter.
  2419 | D:3      | Killed Jessica
  2419 | D:3      | Reached skill level 1 in Shields
  2419 | D:3      | Reached XP level 4. HP: 33/33 MP: 1/8
  2425 | D:3      | Learned a level 4 spell: Iskenderun's Mystic Blast
  2785 | D:2      | Reached skill level 5 in Conjurations
  3013 | D:3      | Reached XP level 5. HP: 33/38 MP: 3/10
  3872 | D:4      | Reached XP level 6. HP: 45/45 MP: 7/11
  4069 | D:4      | Found an opulent altar of Gozag.
  5009 | D:4      | Reached skill level 6 in Conjurations
  5379 | D:4      | Your scales start taking on a fiery red colour.
  5379 | D:4      | Reached XP level 7. HP: 50/50 MP: 0/13
  5379 | D:4      | Gained mutation: Your flesh is heat resistant. (rF+) [Red Draconian growth]
  6604 | D:4      | Reached skill level 5 in Spellcasting
  7013 | D:5      | Entered Level 5 of the Dungeon
  7289 | D:5      | Reached skill level 7 in Conjurations
  7393 | D:5      | Reached XP level 8. HP: 50/57 MP: 7/16
  8122 | D:5      | Found a staircase to the Ecumenical Temple.
  8266 | Temple   | Entered the Ecumenical Temple
  8357 | Temple   | Became a worshipper of Vehumet
  8604 | D:6      | Found Upuricogy's Book Shop.
  8606 | D:6      | Found Elufriri's Food Emporium.
  8616 | D:6      | Bought a book of Minor Magic for 220 gold pieces
  8620 | D:6      | Learned a level 3 spell: Conjure Flame
  8623 | D:6      | Learned a level 2 spell: Blink
  8627 | D:6      | Learned a level 3 spell: Mephitic Cloud
  9470 | D:6      | Reached skill level 8 in Conjurations
 11031 | D:7      | Reached * piety under Vehumet
 11031 | D:7      | Offered knowledge of Sandblast by Vehumet.
 11117 | D:7      | Reached XP level 9. HP: 62/62 MP: 7/20
 11277 | D:7      | Reached skill level 9 in Conjurations
 12486 | D:8      | Reached skill level 10 in Conjurations
 13225 | D:8      | Found a staircase to the Lair.
 13481 | D:9      | Reached XP level 10. HP: 70/70 MP: 12/23
 13963 | D:9      | Found a stormy altar of Qazlal.
 14137 | D:9      | Reached skill level 1 in Fighting
 14312 | D:9      | Found Vebia's Antique Weapon Shop.
 14401 | D:10     | Entered Level 10 of the Dungeon
 14550 | D:10     | Noticed a two-headed ogre
 15194 | D:10     | Reached ** piety under Vehumet
 15194 | D:10     | Offered knowledge of Throw Frost by Vehumet.
 15591 | D:10     | Found a staircase to the Orcish Mines.
 15635 | D:10     | Reached skill level 11 in Conjurations
 15787 | D:10     | Noticed a centaur warrior
 15915 | D:10     | Killed a two-headed ogre
 15915 | D:10     | Reached skill level 10 in Spellcasting
 16161 | D:10     | Noticed Sonja
 16499 | D:11     | Noticed a manticore
 16508 | D:11     | Killed a manticore
 16508 | D:11     | Reached skill level 5 in Fighting
 16616 | D:11     | Offered knowledge of Stone Arrow by Vehumet.
 17002 | D:11     | Reached XP level 11. HP: 69/88 MP: 4/25
 17178 | D:11     | Reached *** piety under Vehumet
 18709 | D:12     | Noticed an obsidian statue
 18715 | D:12     | Offered knowledge of Sticky Flame by Vehumet.
 18723 | D:12     | Noticed a two-headed ogre
 18863 | D:12     | Noticed a two-headed ogre
 19086 | D:11     | Killed a two-headed ogre
 19245 | Lair:1   | Entered Level 1 of the Lair of Beasts
 19386 | Lair:1   | Reached skill level 12 in Conjurations
 19806 | Lair:1   | Noticed an oklob plant
 20091 | Lair:1   | Noticed an eight-headed hydra
 20611 | Lair:1   | Learned a level 4 spell: Sticky Flame
 20617 | Lair:1   | Learned a level 5 spell: Bolt of Magma
 21090 | Lair:2   | Reached **** piety under Vehumet
 21319 | Lair:2   | Offered knowledge of Airstrike by Vehumet.
 21788 | Lair:2   | Noticed Gastronok
 21829 | Lair:1   | Slain by an eight-headed hydra

Vault maps used:
D:1:      dpeg_arrival_snail
D:2:      lemuel_round_altar, serial_glass, glass_columns_b, glass_columns_a
D:3:      gammafunk_wand_slinger, first_ration, uniq_jessica
D:4:      lemuel_castle_with_subvaults, grunt_gozag_breadcrumbs
D:5:      minmay_temple_entry_poolview
D:6:      serial_shops, shop, shop, nrook_mini_backslash
D:7:      the_bakery
D:8:      erik_lair_orcish_takeover
D:9:      wad_pebble_path, serial_shops, nicolae_shop_overgrown_old_shop,
          grunt_qazlal_clouds
D:10:     hiddenorc1_lemuel, kennysheep_decorative_pillar, uniq_sonja
D:12:     hangedman_devilish_allure
Temple:   grunt_wide_crystal_templ
Lair:1:   grunt_megastairs_3, minmay_lair_oklob_chamber
Lair:2:   minivault_25, infiniplex_staircase_pool, serial_bayou_shore_a,
          grunt_megastairs_2, uniq_gastronok

Skill      XL: |  1  2  3  4  5  6  7  8  9 10 11 |
---------------+----------------------------------+-----
Spellcasting   | 3 4 5 7 9 10 11 | 11.3
Shields        | 1 2 3 4 |  4.0
Conjurations   | 5 6 7 8 10 11 12 | 12.6
Fighting       | 5 8 |  8.3
Dodging        | |  1.7
Stealth        | |  1.7

Action                   |  1- 3 |  4- 6 |  7- 9 | 10-12 || total
-------------------------+-------+-------+-------+-------++-------
Melee: Unarmed           |    53 |       |       |       ||    53
       Tailslap          |     4 |     2 |       |     2 ||     8
       Dagger            |     9 |       |       |       ||     9
       Staff             |       |    40 |    18 |    12 ||    70
Throw: Stone             |     2 |     3 |     2 |     6 ||    13
       Tomahawk          |       |       |       |     4 ||     4
 Cast: Magic Dart        |    77 |    94 |    96 |    30 ||   297
       Searing Ray       |     5 |    35 |    71 |    44 ||   155
       Iskenderun's Myst |       |       |    70 |   174 ||   244
       Conjure Flame     |       |       |    15 |    18 ||    33
       Blink             |       |       |     6 |     8 ||    14
       Bolt of Magma     |       |       |       |     1 ||     1
       Mephitic Cloud    |       |       |       |     1 ||     1
  Use: Scroll            |     7 |       |    11 |     7 ||    25
       Potion            |       |       |     3 |     2 ||     5
  Eat: Chunk             |     6 |    10 |    27 |    27 ||    70
       Ration            |       |       |     2 |     2 ||     4
Armor: Skin              |    33 |    40 |    32 |    18 ||   123
Dodge: Dodged            |    70 |    66 |    59 |    54 ||   249
Block: Buckler           |       |    29 |    39 |    35 ||   103

Table legend:
 A = Spawn XP
 B = Non-spawn XP
 C = Spawn XP percentage of total XP
 D = Spawn monster count
 E = Non-spawn monster count
 F = Spawn count percentage of total count
 G = Total turns spent on level
                    A         B        C        D         E        F      G
               +---------+---------+-------+---------+---------+-------+---------
         Total |       0 |   20927 |   0.0 |       0 |     333 |   0.0 | 21829
               +---------+---------+-------+---------+---------+-------+---------
           D:1 |       0 |      16 |   0.0 |       0 |       8 |   0.0 |  1107
           D:2 |       0 |      96 |   0.0 |       0 |      29 |   0.0 |  1110
           D:3 |       0 |     280 |   0.0 |       0 |      27 |   0.0 |  1964
           D:4 |       0 |    1025 |   0.0 |       0 |      70 |   0.0 |  2960
           D:5 |       0 |     485 |   0.0 |       0 |      18 |   0.0 |  2083
           D:6 |       0 |     871 |   0.0 |       0 |      24 |   0.0 |  1902
           D:7 |       0 |    1155 |   0.0 |       0 |      21 |   0.0 |  1315
           D:8 |       0 |    1745 |   0.0 |       0 |      24 |   0.0 |  1364
           D:9 |       0 |     566 |   0.0 |       0 |      11 |   0.0 |  1164
          D:10 |       0 |    3528 |   0.0 |       0 |      35 |   0.0 |  2115
          D:11 |       0 |    3891 |   0.0 |       0 |      30 |   0.0 |  2132
          D:12 |       0 |     149 |   0.0 |       0 |       2 |   0.0 |    33
        Lair:1 |       0 |    4351 |   0.0 |       0 |      21 |   0.0 |  1643
        Lair:2 |       0 |    2769 |   0.0 |       0 |      13 |   0.0 |   836
               +---------+---------+-------+---------+---------+-------+---------
